 Dungeon Crawl Stone Soup version 0.23.2-30-g0e89c35649 (webtiles) character file.

Game seed: 2661610620129187681

376 EcosseEcosse the Covered (level 7, -2/57 HPs)
             Began as a Human Fighter on June 7, 2019.
             Killed by nerve-wracking pain
             ... invoked by an orc priest
              (11 damage)
             ... on level 3 of the Dungeon.
             The game lasted 00:13:18 (1876 turns).

EcosseEcosse the Covered (Human Fighter)            Turns: 1876, Time: 00:13:18

Health: -2/57      AC:  8    Str: 18    XL:     7   Next: 3%
Magic:  11/11      EV: 10    Int:  9    God:
Gold:   82         SH:  9    Dex: 12    Spells: 12/12 levels left

rFire    . . .     SeeInvis .   g - +2 dagger (speed)
rCold    . . .     Gourm    .   c - +0 shield
rNeg     . . .     Faith    .   b - +0 scale mail
rPois    .         Spirit   .   t - +0 helmet
rElec    .         Reflect  .   (no cloak)
rCorr    .         Harm     .   (no gloves)
MR       .....                  (no boots)
Stlth    +.........             (no amulet)
HPRegen  0.19/turn              (no ring)
MPRegen  0.12/turn              (no ring)

@: no status effects
A: no striking features
a: no special abilities


You were on level 3 of the Dungeon.
You were not hungry.

You visited 1 branch of the dungeon, and saw 3 of its levels.

You collected 82 gold pieces.

Inventory:

Hand Weapons
 a - a +0 long sword
 g - a +2 dagger of speed (weapon)
Missiles
 s - 16 bolts
Armour
 b - a +0 scale mail (worn)
 c - a +0 shield (worn)
 k - a +0 chain mail
 l - a +0 leather armour
 m - a +0 ring mail
 n - a +0 scale mail
 r - a +0 chain mail
 t - a +0 helmet (worn)
Wands
 d - a wand of random effects (12)
Scrolls
 h - a scroll of remove curse {unknown}
 i - a scroll of noise
 j - a scroll of identify
 u - a scroll of teleportation
 w - a scroll of random uselessness
Potions
 e - a potion of lignification
Comestibles
 f - a ration


   Skills:
 + Level 5.8 Fighting
 + Level 4.0(4.9) Short Blades
 + Level 4.1(5.0) Long Blades
 + Level 2.8 Throwing
 + Level 6.1 Armour
 + Level 4.7 Dodging
 + Level 3.2 Stealth
 + Level 5.0 Shields
 + Level 2.8 Unarmed Combat
 + Level 3.0 Spellcasting


You had 12 spell levels left.
You didn't know any spells.
Your spell library was empty.

Dungeon Overview and Level Annotations

Branches:
Dungeon (3/15)

Altars:
Gozag
Makhleb


Message History

You closely miss the orc priest.
The orc priest is heavily wounded.
The orc priest hits you with a +0 flail.
* * * LOW HITPOINT WARNING * * *
You hit the orc priest but do no damage.
The orc priest is heavily wounded.
You barely miss the orc priest.
The orc priest is heavily wounded.
The orc priest closely misses you.
You hit the orc priest but do no damage.
The orc priest is heavily wounded.
You hit the orc priest.
The orc priest is severely wounded.
Your shield prevents you from hitting the orc priest.
The orc priest is severely wounded.
The orc priest hits you with a +0 flail!
* * * LOW HITPOINT WARNING * * *
The orc priest calls down the wrath of Beogh upon you.
Pain shoots through your body!
You die...

#. . #. #.
#.# .. # #..
.# #.##.. g#
#..... ### o#
####..
##.##o# ##
##. #..@[#
..# #.
##.##.# #.#
#. #.# ## #.#
#. #.# #.# #.
#.# #.# #.
#.# #######.#
#. #.#
#.......# #.
#.# #.#####.#
#.
#.###.#####.#
#.


You could see an orc priest.

Vanquished Creatures
  A centaur (D:2)
  An orc priest (D:2)
  Natasha (D:2)
  Robin (D:2)
  An adder (D:2)
  A worm (D:2)
  A dart slug (D:2)
  3 leopard geckos (D:1)
  4 orcs
  A ball python (D:3)
  2 giant cockroaches
  10 goblins
  10 hobgoblins
  5 bats
  3 frilled lizards (D:2)
  3 kobolds
  3 rats
51 creatures vanquished.

Notes
Turn   | Place    | Note
-------+----------+-------------------------------------------
     0 | D:1      | EcosseEcosse the Human Fighter began the quest for the Orb.
     0 | D:1      | Reached XP level 1. HP: 18/18 MP: 1/1
   107 | D:1      | Reached XP level 2. HP: 22/24 MP: 2/2
   518 | D:2      | Noticed Robin
   531 | D:2      | Reached XP level 3. HP: 28/29 MP: 3/3
   545 | D:2      | Killed Robin
   589 | D:2      | Found an opulent altar of Gozag.
   699 | D:2      | Reached XP level 4. HP: 17/35 MP: 4/4
   704 | D:2      | Found a burning altar of Makhleb.
   901 | D:2      | Reached skill level 1 in Short Blades
  1191 | D:2      | Noticed Natasha
  1222 | D:2      | Killed Natasha
  1222 | D:2      | Reached XP level 5. HP: 16/41 MP: 5/5
  1280 | D:2      | Noticed a centaur
  1288 | D:2      | Killed a centaur
  1288 | D:2      | Reached skill level 1 in Dodging
  1358 | D:2      | Reached skill level 5 in Fighting
  1358 | D:2      | Reached skill level 6 in Armour
  1358 | D:2      | Reached skill level 5 in Shields
  1358 | D:2      | Reached XP level 6. HP: 20/52 MP: 5/10
  1369 | D:2      | HP: 1/78 [orc priest/divine providence (9)]
  1376 | D:2      | Reached XP level 7. HP: 1/57 MP: 6/11
  1876 | D:3      | Killed from afar by an orc priest

Skill      XL: |  1  2  3  4  5 |
---------------+----------------+-----
Short Blades   | 1 4 |  4.0
Dodging        | 4 |  4.7
Fighting       | 5 |  5.8
Long Blades    | 4 |  4.1
Throwing       | 2 |  2.8
Armour         | 6 |  6.1
Stealth        | 3 |  3.2
Shields        | 5 |  5.0
Unarmed Combat | 2 |  2.8
Spellcasting   | 3 |  3.0

Action                   |  1- 3 |  4- 6 |  7- 9 || total
-------------------------+-------+-------+-------++-------
Melee: Long sword        |    37 |       |       ||    37
       Dagger            |    72 |    93 |    40 ||   205
  Use: Potion            |       |     6 |       ||     6
       Scroll            |       |     1 |     4 ||     5
  Eat: Ration            |       |     1 |       ||     1
Armor: Scale mail        |    29 |    18 |     5 ||    52
       Skin              |       |     5 |       ||     5
Dodge: Dodged            |    28 |    14 |     4 ||    46
Block: Shield            |    51 |    30 |    13 ||    94
       Rpst.: Long sword |     2 |       |       ||     2
